 Seeded DCSS version 0.29.1-1-gd02db6906a (webtiles) character file.

Game seed: 3121381558354691732 (custom seed)

64402 SigmundSlayer the Severer (level 14, -12/193 HPs)
             Began as a Demonspawn Berserker on Sept 16, 2022.
             Was a High Priest of Trog.
             Mangled by a red ugly thing (22 damage)
             ... on level 14 of the Dungeon.
             The game lasted 00:23:38 (16701 turns).

SigmundSlayer the Severer (Demonspawn Berserker)   Turns: 16701, Time: 00:23:39

Health: -12/193    AC: 22    Str: 28    XL:     14   Next: 71%
Magic:  4/4        EV: 16    Int:  9    God:    Trog [*****.]
Gold:   1594       SH: 12    Dex: 19    Spells: 13/13 levels left

rFire   . . .      SeeInvis .   a - +3 broad axe (antimagic)
rCold   . . .      Faith    .   T - +2 buckler
rNeg    . . .      Spirit   .   I - +1 ring mail "Jueph" {Regen+}
rPois   +          Reflect  +   D - +2 helmet of Catatonia {Dex+3 Slay+5}
rElec   .          Harm     .   n - +0 cloak "Tanun" {Rampage}
rCorr   .          Rampage  +   d - +2 pair of gloves {Dex+3}
Will    +....                   (boots unavailable)
Stlth   ..........              p - amulet of reflection
HPRegen 3.22/turn               e - +6 ring of strength
MPRegen 0.09/turn               v - +4 ring of protection

@: berserking, very quick
A: hooves 3, rugged brown scales 2, powered by death 1, spiny 1, poison
resistance
a: Renounce Religion, Berserk, Trog's Hand, Brothers in Arms


You were on level 14 of the Dungeon.
You worshipped Trog.
Trog was extremely pleased with you.
You visited 3 branches of the dungeon, and saw 20 of its levels.
You also visited: Trove and Ossuary.

You collected 1594 gold pieces.

Inventory:

Hand Weapons
 a - a +3 antimagic broad axe (weapon)
 b - the +10 morningstar of the Thirsty Gods {vorpal, rC- Str+7 Int+3}
   (You found it on level 5 of the Lair of Beasts)

   It inflicts extra damage upon your enemies.
   Str:       It affects your strength (+7).
   Int:       It affects your intelligence (+3).
   rC:        It makes you vulnerable to cold.
 c - a +7 broad axe of pain
 Q - a +3 vorpal executioner's axe
Missiles
 f - 5 throwing nets (quivered)
Armour
 d - a +2 pair of gloves of dexterity (worn)
 n - the +0 cloak "Tanun" (worn) {Rampage}
   (You found it in a treasure trove)

   Rampage:   It bestows one free step when moving towards enemies.
 D - the +2 helmet of Catatonia (worn) {Dex+3 Slay+5}
   (You acquired it on level 5 of the Dungeon)

   Dex:       It affects your dexterity (+3).
   Slay:      It affects your accuracy & damage with ranged weapons and melee
   (+5).
 G - the +3 hat of Pondering {ponderous, Will+ MP+10 Int+5}
   (You took it off Gastronok on level 2 of the Lair of Beasts)

   Int:       It affects your intelligence (+5).
   MP:        It affects your magic capacity (+10).
   Will:      It increases your willpower.
 I - the +1 ring mail "Jueph" (worn) {Regen+}
   (You found it in a treasure trove)

   Regen:     It increases your rate of health regeneration.
 J - the +1 helmet of Unbearable Freedom {rC- rN++ Will+}
   (You found it in a treasure trove)

   rC:        It makes you vulnerable to cold.
   rN:        It greatly protects you from negative energy.
   Will:      It increases your willpower.
 T - a +2 buckler (worn)
Jewellery
 e - a +6 ring of strength (left hand)
 o - a ring of positive energy
 p - an amulet of reflection (around neck)
 r - a ring of see invisible
 v - a +4 ring of protection (right hand)
 B - a ring of protection from fire
 L - a ring of resist corrosion
Wands
 g - a wand of roots (13)
 h - a wand of digging (14)
 j - a wand of paralysis (11)
 m - a wand of flame (40)
 s - a wand of light (8)
 E - a wand of mindburst (5)
 O - a wand of polymorph (4)
Scrolls
 l - 5 scrolls of teleportation
 y - 3 scrolls of blinking
 C - 10 scrolls of fear
 M - 3 scrolls of butterflies
 N - 2 scrolls of poison
 S - a scroll of silence
Potions
 i - 4 potions of magic
 k - 5 potions of might
 q - a potion of heal wounds
 t - 3 potions of flight
 u - 3 potions of brilliance
 w - 12 potions of ambrosia
 x - 2 potions of cancellation
 z - 9 potions of curing
 A - 5 potions of haste
 F - 5 potions of degeneration {unknown}
 H - a potion of berserk rage {unknown}
 P - 4 potions of invisibility
Miscellaneous
 K - a box of beasts


   Skills:
 + Level 15.6 Fighting
 + Level 16.0 Axes
 + Level 8.5 Armour
 + Level 8.6 Dodging
 + Level 2.0 Shields


You had 13 spell levels left.
You didn't know any spells.
Your spell library contained the following spells:

 Spells                   Type           Power      Damage    Failure   Level
 Freeze                   Ice            0%         1d3       58%         1
 Shock                    Conj/Air       0%         1d3       58%         1
 Slow                     Hex            0%         N/A       58%         1
 Sting                    Tmut/Pois      0%         1d3       58%         1
 Ensorcelled Hibernation  Hex/Ice        0%         N/A       75%         2
 Passwall                 Tmut/Erth      0%         N/A       75%         2
 Sublimation of Blood     Necr           0%         N/A       75%         2
 Wereblood                Tmut           0%         N/A       75%         2
 Confusing Touch          Hex            0%         N/A       92%         3
 Conjure Flame            Conj/Fire      0%         6-21      92%         3
 Frozen Ramparts          Ice            0%         1d1       92%         3
 Gell's Gravitas          Tloc           0%         N/A       92%         3
 Ignite Poison            Fire/Tmut/Pois 0%         N/A       92%         3
 Inner Flame              Hex/Fire       0%         N/A       92%         3
 Lesser Beckoning         Tloc           0%         N/A       92%         3
 Portal Projectile        Hex/Tloc       0%         N/A       92%         3
 Swiftness                Air            0%         N/A       92%         3
 Teleport Other           Tloc           0%         N/A       92%         3
 Tukima's Dance           Hex            0%         N/A       92%         3
 Vampiric Draining        Necr           0%         2d6       92%         3
 Airstrike                Air            0%         2d(0-16)  100%        4
 Cause Fear               Hex            0%         N/A       100%        4
 Hailstorm                Conj/Ice       0%         3d3       100%        4
 Passage of Golubria      Tloc           0%         N/A       100%        4
 Petrify                  Tmut/Erth      0%         N/A       100%        4
 Sticky Flame             Conj/Fire      0%         2d3       100%        4
 Blade Hands              Tmut           0%         N/A       100%        5
 Irradiate                Conj/Tmut      0%         3d11      100%        5
 Yara's Violent Unravell  Hex/Tmut       0%         3d3       100%        5
 Dispersal                Tloc           0%         N/A       100%        6
 Summon Hydra             Summ           0%         N/A       100%        7
 Discord                  Hex            0%         N/A       100%        8


Dungeon Overview and Level Annotations

Branches:
Dungeon (14/15)            Temple (0/1) D:6            Lair (5/5) D:10
  Swamp (0/4) Lair:3       Spider (0/4) Lair:3        Slime (0/5) Lair:5
    Orc (1/2) D:12         Vaults (0/5) D:13        Ossuary (visited)

Altars:
Gozag
Okawaru
Qazlal
Ru
Trog
Yredelemnul
Jiyva

Shops:
D:3 *   D:9 [


Innate Abilities, Weirdness & Mutations

You have hooves in place of feet.
You are mostly covered in rugged brown scales. (AC +2, +5% HP)
You regenerate a little health from kills.
You are partially covered in sharp spines.
Your system is resistant to poisons. (rPois)


Message History

The purple ugly thing stings you.
* * * LOW HITPOINT WARNING * * *
A red film seems to cover your vision as you go berserk!
You feel yourself moving faster!
You feel mighty! The red ugly thing barely misses you.
You block the red ugly thing's attack. You block the cyan ugly thing's attack.
The purple ugly thing is struck by your spines.
The purple ugly thing stings you.
* * * LOW HITPOINT WARNING * * *
The red ugly thing misses you.
You slice the cyan ugly thing!! You kick the cyan ugly thing.
You feel the power of Trog in you as your rage grows.
You kill the cyan ugly thing!
Trog accepts your kill.
You barely miss the red ugly thing. You slice the red ugly thing!!
You slash the purple ugly thing! You closely miss the red ugly thing.
The red ugly thing is struck by your spines.
The red ugly thing misses you.
The red ugly thing is struck by your spines.
The red ugly thing tail-slaps you.
* * * LOW HITPOINT WARNING * * *
You are engulfed in flames!!
* * * LOW HITPOINT WARNING * * *
Your Shields skill increases to level 2!
You closely miss the red ugly thing. Your kick misses the red ugly thing.
The red ugly thing is heavily wounded.
You hit the red ugly thing. You slash the red ugly thing!
You kill the red ugly thing!
Trog accepts your kill.
You slash the purple ugly thing!
The red ugly thing is struck by your spines.
The red ugly thing engulfs you.
* * * LOW HITPOINT WARNING * * *
You are engulfed in flames!
* * * LOW HITPOINT WARNING * * *
The purple ugly thing closely misses you.
The red ugly thing tentacle-slaps you.
* * * LOW HITPOINT WARNING * * *
You are engulfed in flames!!
You die...

#$.......^....#
#.............#
#.............#
#.............###
#.................
#.....[.......####
#....$........#
#...†...[.....#
#...†@..../...#
#...uuu.......#
#....D........#
#.............#
#.............#
#.............#
#.............
#............


You could see a seven-headed hydra and 3 ugly things.

Vanquished Creatures
  Gastronok (Lair:2)
  The ghost of Somihob the Thaumaturge, a journeyman DsFE of Cheibriados (D:11)
  4 hydras
  4 vault guards (D:13)
  4 boulder beetles
  A merfolk avatar (Lair:5)
  6 two-headed ogres
  2 centaur warriors (D:13)
  3 death yaks (Lair:4)
  A tengu warrior (D:14)
  Sonja (Lair:2)
  Nergalle (Lair:2)
  3 skeletal warriors (D:13)
  3 deep elf pyromancers
  2 harpies (Lair:5)
  A cyclops (D:12)
  Pikel (D:7)
  15 ugly things
  5 manticores
  Joseph (D:8)
  A black mamba (shapeshifter) (D:12)
  2 black mambas
  6 elephants
  A cane toad (shapeshifter) (D:14)
  6 cane toads
  Maggie (D:8)
  A freezing wraith (D:11)
  An unseen horror (D:13)
  A kobold demonologist (D:13)
  A tengu conjurer (D:13)
  2 rime drakes
  8 komodo dragons
  6 trolls
  A meliai (Lair:3)
  A burning bush (Lair:3)
  8 slime creatures
  4 polar bears
  A queen bee (Lair:2)
  3 hornets (Lair:5)
  A raiju (shapeshifter) (D:13)
  5 blink frogs
  3 snapping turtles (Lair:5)
  3 shadows
  2 wraiths
  4 wyverns
  47 yaks
  A human (D:8)
  4 basilisks
  A basilisk (shapeshifter) (D:14)
  Grum (Lair:1)
  2 steam dragons
  Menkaure (D:5)
  13 vampire mosquitoes
  Edmund (D:4)
  14 water moccasins
  An acid dragon (D:10)
  A black bear (D:4)
  4 centaurs
  4 ogres
  10 wolves (Lair:1)
  3 lemures (D:7)
  3 elf zombies (Ossuary)
  3 gnoll sergeants
  2 kobold brigands
  8 bullfrogs
  A necrophage (D:5)
  2 scorpions
  7 wights
  43 killer bees
  6 howler monkeys
  An electric eel (Lair:3)
  2 human zombies (Ossuary)
  7 hounds
  3 orc priests
  2 centaur zombies (Ossuary)
  2 gnoll boudas (D:8)
  An orc wizard (D:5)
  3 iguanas
  8 hell rats
  2 mummies (Ossuary)
  9 gnolls
  7 adders
  2 shadow imps
  4 white imps
  An adder zombie (Ossuary)
  4 worms
  2 dart slugs
  13 orcs
  7 bats
  6 endoplasms
  4 giant cockroaches
  9 goblins
  14 hobgoblins
  16 jackals
  3 ball pythons
  3 frilled lizards
  A goblin zombie (Ossuary)
  7 hobgoblin zombies (Ossuary)
  2 jackal zombies (Ossuary)
  17 kobolds
  A kobold skeleton (D:8)
  9 kobold zombies (Ossuary)
  10 orc zombies (Ossuary)
  5 rats
503 creatures vanquished.

Vanquished Creatures (others)
  7 fungi
  13 plants
20 creatures vanquished.

Grand Total: 523 creatures vanquished

Notes
Turn   | Place    | Note
-------+----------+-------------------------------------------
     0 | D:1      | SigmundSlayer the Demonspawn Berserker began the quest for
                  | the Orb.
     0 | D:1      | Reached XP level 1. HP: 18/18 MP: 1/1
   157 | D:1      | Found a faded altar of an unknown god.
   215 | D:1      | Got Plato's Secrets of Vitiation
   243 | D:1      | Reached skill level 3 in Axes
   300 | D:1      | Gained mutation: You regenerate a little health from kills.
                  | [demonic ancestry]
   300 | D:1      | Reached XP level 2. HP: 18/24 MP: 2/2
   786 | D:2      | Gained mutation: You have large cloven feet. [demonic
                  | ancestry]
   786 | D:2      | Reached XP level 3. HP: 8/29 MP: 3/3
   812 | D:2      | Found a bloodstained altar of Trog.
  1419 | D:2      | Reached XP level 4. HP: 36/37 MP: 4/4
  1757 | D:3      | Reached skill level 4 in Axes
  1817 | D:3      | Reached ** piety under Trog
  1849 | D:3      | Noticed an ogre
  1857 | D:3      | Killed an ogre
  1858 | D:3      | Gained mutation: You are partially covered in sharp spines.
                  | [demonic ancestry]
  1858 | D:3      | Reached XP level 5. HP: 42/42 MP: 5/5
  2085 | D:3      | Found Isonomam's Assorted Antiques.
  2322 | D:4      | Noticed Edmund
  2329 | D:4      | Killed Edmund
  2330 | D:4      | Reached skill level 5 in Axes
  2330 | D:4      | Gained mutation: You have hoof-like feet. [demonic
                  | ancestry]
  2330 | D:4      | Reached XP level 6. HP: 49/49 MP: 6/6
  2939 | D:4      | Reached skill level 5 in Fighting
  2939 | D:4      | Reached skill level 6 in Axes
  3070 | D:4      | Reached XP level 7. HP: 56/56 MP: 7/7
  3161 | D:4      | Found an iron altar of Okawaru.
  3320 | D:5      | Entered Level 5 of the Dungeon
  3322 | D:5      | Reached *** piety under Trog
  3511 | D:5      | Noticed Menkaure
  3517 | D:5      | Killed Menkaure
  3518 | D:5      | Reached skill level 7 in Axes
  3881 | D:5      | Reached XP level 8. HP: 59/64 MP: 8/8
  4173 | D:5      | Identified 3 scrolls of acquirement
  4173 | D:5      | Acquired the +2 helmet of Catatonia {Dex+3 Slay+5}
  4298 | D:6      | Identified the +9 spear "Wuzar" {venom, rF+ rC+ Stlth+}
  4455 | D:6      | Reached skill level 8 in Axes
  4566 | D:6      | Found a staircase to the Ecumenical Temple.
  5143 | D:7      | Noticed Pikel
  5160 | D:7      | Killed Pikel
  5161 | D:7      | Reached skill level 9 in Axes
  5161 | D:7      | Gained mutation: You are partially covered in rugged brown
                  | scales. (AC +1, +3% HP) [demonic ancestry]
  5161 | D:7      | Reached XP level 9. HP: 38/74 MP: 9/9
  5450 | D:7      | Found a stormy altar of Qazlal.
  5772 | D:8      | Reached skill level 10 in Axes
  5810 | D:8      | Reached **** piety under Trog
  5855 | D:8      | Found a sacrificial altar of Ru.
  5878 | D:8      | Noticed Maggie
  5888 | D:8      | Killed Maggie
  5968 | D:8      | Found a sand-covered staircase.
  5973 | Ossuary  | Entered an ossuary
  6226 | Ossuary  | Reached skill level 11 in Axes
  6371 | D:8      | Found a runed translucent door.
  6375 | D:8      | Found a basalt altar of Yredelemnul.
  6502 | D:8      | Found an opulent altar of Gozag.
  6565 | D:8      | Reached ***** piety under Trog
  6566 | D:8      | Gained mutation: You have hooves in place of feet. [demonic
                  | ancestry]
  6566 | D:8      | Reached XP level 10. HP: 84/84 MP: 10/10
  6681 | D:8      | Noticed Joseph
  6698 | D:8      | Killed Joseph
  6990 | D:9      | Noticed a two-headed ogre
  6994 | D:9      | Killed a two-headed ogre
  6995 | D:9      | Reached skill level 12 in Axes
  7010 | D:9      | Noticed a two-headed ogre
  7019 | D:9      | Killed a two-headed ogre
  7541 | D:9      | Reached skill level 10 in Fighting
  7765 | D:9      | Found Zaecross's Armour Shop.
  7839 | D:9      | Identified the +6 short sword of Reuphi Uczec {flame,
                  | Int+3}
  8023 | D:10     | Entered Level 10 of the Dungeon
  8023 | D:10     | Noticed a two-headed ogre
  8036 | D:10     | Killed a two-headed ogre
  8037 | D:10     | Reached skill level 13 in Axes
  8037 | D:10     | Reached XP level 11. HP: 84/94 MP: 11/11
  8380 | D:10     | Found a staircase to the Lair.
  8816 | D:11     | Noticed a two-headed ogre
  8823 | D:11     | Killed a two-headed ogre
  8971 | D:11     | Identified the +6 short sword "Ejuomaump" {flame, rF+ rN+}
  9005 | D:11     | Noticed a cyan ugly thing
  9014 | D:11     | Killed a cyan ugly thing
  9191 | D:11     | Noticed a red ugly thing
  9196 | D:11     | Killed a red ugly thing
  9326 | D:11     | Found a portal to a secret trove of treasure.
  9358 | D:11     | Found a runed translucent gate.
  9358 | D:11     | Found a runed translucent gate.
  9358 | D:11     | Found a runed translucent gate.
  9445 | D:11     | You paid a toll of 2 scrolls of acquirement to enter a
                  | treasure trove
  9446 | Trove    | Entered a treasure trove
  9451 | Trove    | Identified the +0 cloak "Tanun" {Rampage}
  9453 | Trove    | Identified the +1 helmet "Asix" {Str+3 Slay-6}
  9454 | Trove    | Identified the +1 hat "Jeplotz" {rN+ Str+3 Int-3 SInv}
  9455 | Trove    | Identified the +1 ring mail "Jueph" {Regen+}
  9461 | Trove    | Identified the +5 chain mail "Osimy" {Int+2}
  9466 | Trove    | Identified the +1 helmet of Unbearable Freedom {rC- rN++
                  | Will+}
  9776 | D:11     | Noticed Somihob's ghost (journeyman DsFE)
  9874 | D:11     | Killed Somihob's ghost
  9875 | D:11     | Reached skill level 14 in Axes
  9934 | D:12     | Noticed a green ugly thing
  9946 | D:12     | Killed a green ugly thing
  9961 | D:12     | Found a staircase to the Orcish Mines.
 10170 | D:12     | Noticed a two-headed ogre
 10176 | D:12     | Killed a two-headed ogre
 10204 | D:12     | Noticed a two-headed ogre
 10209 | D:12     | Killed a two-headed ogre
 10230 | D:12     | Reached XP level 12. HP: 108/108 MP: 12/12
 10266 | D:12     | Gained mutation: Your system is resistant to poisons.
                  | (rPois) [potion of mutation]
 10883 | D:13     | You fall into a shaft and drop 1 floor!
 10891 | D:14     | Noticed a seven-headed hydra
 11002 | D:13     | Found a gate to the Vaults.
 11002 | D:13     | Noticed a centaur warrior
 11002 | D:13     | Noticed a vault guard
 11002 | D:13     | Noticed a vault guard
 11002 | D:13     | Noticed a vault guard
 11002 | D:13     | Noticed a seven-headed hydra
 11002 | D:13     | Noticed a vault guard
 11002 | D:13     | Noticed a centaur warrior
 11271 | Lair:1   | Entered Level 1 of the Lair of Beasts
 11336 | Lair:1   | Noticed Grum
 11349 | Lair:1   | Killed Grum
 11930 | Lair:2   | Noticed Sonja
 11940 | Lair:2   | Killed Sonja
 11940 | Lair:2   | Reached ****** piety under Trog
 12014 | Lair:2   | Received a gift from Trog
 12158 | Lair:2   | Noticed Gastronok
 12175 | Lair:2   | Killed Gastronok
 12176 | Lair:2   | Reached skill level 5 in Armour
 12176 | Lair:2   | Reached skill level 5 in Dodging
 12266 | Lair:2   | Noticed Nergalle
 12279 | Lair:2   | Gained mutation: You are mostly covered in rugged brown
                  | scales. (AC +2, +5% HP) [demonic ancestry]
 12279 | Lair:2   | Reached XP level 13. HP: 117/117 MP: 13/13
 12284 | Lair:2   | Killed Nergalle
 12375 | Lair:2   | Identified the +4 dagger "Ileuss" {protect, +Blink rPois
                  | Str-2}
 12639 | Lair:2   | You fall into a shaft and drop 1 floor!
 13183 | Lair:3   | Found a hole to the Spider Nest.
 13327 | Lair:3   | Found a staircase to the Swamp.
 13527 | Lair:3   | Reached skill level 15 in Axes
 14907 | Lair:5   | Entered Level 5 of the Lair of Beasts
 14941 | Lair:5   | Received a gift from Trog
 14949 | Lair:5   | Identified the +10 morningstar of the Thirsty Gods {vorpal,
                  | rC- Str+7 Int+3}
 14973 | Lair:5   | Found a viscous altar of Jiyva.
 14973 | Lair:5   | Found a staircase to the Slime Pits.
 15228 | Lair:5   | Reached XP level 14. HP: 127/127 MP: 14/14
 15242 | Lair:5   | Reached skill level 15 in Fighting
 15299 | Lair:5   | Identified the +7 trident "Xiekh" {protect, rCorr Int+2}
 15300 | Lair:5   | Identified the +6 spear of Xefuuwus {protect, rPois MP-9
                  | Int+4 Dex+4}
 15808 | Orc:1    | Entered Level 1 of the Orcish Mines
 16503 | D:14     | Received a gift from Trog
 16569 | D:14     | Reached skill level 1 in Shields
 16616 | D:14     | Reached skill level 16 in Axes
 16701 | D:14     | Mangled by a red ugly thing

Illustrated notes

Levels and vault maps discovered:
D:1:      minmay_arrival_glassed_features, layout_loops_ring,
          shapermc_ecumenical_altar_rom_forum, nicolae_kite_square_tiling_tiny
D:2:      layout_basic, basic_altar
D:3:      layout_rooms, serial_shops, nicolae_shop_hallway_stairs
D:4:      layout_basic, okawaru_altar_gauntlet_db, minmay_misc_feat_rows,
          uniq_edmund
D:5:      layout_loops_ring, minmay_crystal_room, uniq_menkaure
D:6:      layout_layer_cave, minmay_temple_entry_glassed_door,
          grunt_ministairs_15, hangedman_decor_riveting, serial_bayou_pond_e
D:7:      layout_loops_cross, lemuel_crystal_altar, grunt_decor_fettered,
          uniq_pikel
D:8:      kennysheep_housing_project, layout_cave_pools,
          mainiacjoe_overflow_six_doors_small, lemuel_doored_altar,
          dk_yredelemnul_ordeal, enter_ossuary_5, uniq_maggie, uniq_joseph
D:9:      layout_loops_corners, serial_shops, shop
D:10:     layout_rooms, lair_entry_dummy
D:11:     layout_roguey, nicolae_trove_entry_diagonal, gammafunk_ghost_spectres,
          serial_bayou_pond_e
D:12:     layout_long_grid, orc_0_dummy
D:13:     layout_cave_pools, lightli_vaults_fourway_checkpoint
D:14:     minmay_angry_zag, layout_long_grid, fedhas_altar_2
Lair:1:   layout_misc_corridors, serial_bayou_shore_b, grunt_megastairs_3,
          uniq_grum
Lair:2:   layout_cave_pods, special_room [special_room_bee], grunt_megastairs_5,
          uniq_nergalle, uniq_sonja, uniq_gastronok
Lair:3:   layout_regular_city, minmay_swamp_entry_swarm,
          hellmonk_spider_entry_not_the_bees, chequers_serial_rivers_room_b,
          evilmike_ambush [evilmike_ambush_outer_basic,
          evilmike_ambush_inner_pond]
Lair:4:   layout_cave_pods, nzn_sisyphean_effort, grunt_megastairs_1,
          serial_bayou_shore_b
Lair:5:   gammafunk_lair_ancient_temple, layout_long_grid, slime_entry_1,
          serial_bayou_pond_c
Orc:1:    layout_caves

Skill      XL: |  1  2  3  4  5  6  7  8  9 10 11 12 13 14 |
---------------+-------------------------------------------+-----
Axes           | 3 4 5 6 7 9 11 13 14 15 16 | 16.0
Fighting       | 4 5 6 7 8 10 13 14 15 | 15.6
Armour         | 5 7 8 |  8.5
Dodging        | 5 7 8 |  8.6
Shields        | 2 |  2.0

Action                   |  1- 3 |  4- 6 |  7- 9 | 10-12 | 13-15 || total
-------------------------+-------+-------+-------+-------+-------++-------
Melee: Hand axe          |    85 |    86 |   248 |   439 |   458 ||  1316
       Kick              |     7 |    25 |    74 |   167 |   233 ||   506
       Punch             |       |     1 |     8 |    10 |     9 ||    28
       Flail             |       |       |       |       |     7 ||     7
       Broad axe         |       |       |       |       |    43 ||    43
       Morningstar       |       |       |       |       |     6 ||     6
Invok: Berserk           |     1 |     2 |       |     6 |     4 ||    13
       Trog's Hand       |       |       |     1 |     1 |     3 ||     5
Evoke: Wand              |       |       |     5 |       |       ||     5
  Use: Scroll            |       |     4 |    18 |    16 |     2 ||    40
       Potion            |       |     1 |       |     1 |     1 ||     3
Armor: Animal skin       |    12 |       |       |       |       ||    12
       Ring mail         |    13 |    26 |    60 |   116 |   161 ||   376
Dodge: Dodged            |    64 |    41 |    93 |   138 |   254 ||   590
Block: Other             |       |    13 |    39 |    70 |    78 ||   200
       Reflection        |       |       |       |     4 |     3 ||     7
       Buckler           |       |       |       |       |    26 ||    26
